 Dungeon Crawl Stone Soup version 0.29-a0-1061-gbc57f8fbdb (webtiles) character file.

Game seed: 14515976784406621105

190250 hofbold the Fighter (level 17, -2/137 HPs)
             Began as a Demonspawn Cinder Acolyte on Aug 18, 2022.
             Was the Champion of Makhleb.
             Shot with an arrow by a +3 longbow of Mana {speed, Drain rF+ Dex+4} (20 damage)
             ... in a wizard's laboratory.
             The game lasted 01:32:02 (39014 turns).

hofbold the Fighter (Demonspawn Cinder Acolyte)    Turns: 39014, Time: 01:32:03

Health: -2/137     AC: 26    Str: 20    XL:     17   Next: 53%
Magic:  31/31      EV: 18    Int: 26    God:    Makhleb [******]
Gold:   224        SH:  0    Dex: 18    Spells: 17/36 levels left

rFire   + . .      SeeInvis +     - Unarmed
rCold   . . .      Faith    .   (no shield)
rNeg    + + .      Spirit   .   z - +3 ring mail of Quiet Fog {+Blink Will+ Str+3}
rPois   .          Reflect  .   W - +0 mask of the Dragon {Will+ Slay+3 SInv}
rElec   .          Harm     .   n - +0 cloak of Teneeg {Str+3 Dex+5}
rCorr   +          Rampage  .   l - +3 pair of gauntlets of War {Slay+5}
Will    ++++.                   u - +1 pair of boots of Elust {rF+ rN+ Stlth+}
Stlth   +++.......              Q - amulet of Vitality {RegenMP++ Regen++}
HPRegen 1.92/turn               w - +4 ring of protection
MPRegen 1.02/turn               x - ring "Cimid" {rN+ Int+6 SInv}

@: lethally poisoned (-2 -> -4), studying Spellcasting
A: yellow scales 3, icemail 1, spiny 2, condensation shield, demonic willpower,
demonic touch 2
}: 1/15 runes: decaying
a: Renounce Religion, Evoke Blink, Minor Destruction, Lesser Servant of Makhleb,
Major Destruction, Greater Servant of Makhleb


You were in a wizard's laboratory.
You worshipped Makhleb.
Makhleb was exalted by your worship.
You visited 7 branches of the dungeon, and saw 30 of its levels.
You also visited: Wizlab.

You collected 2834 gold pieces.
You spent 2610 gold pieces at shops.

Inventory:

Hand Weapons
 r - the +11 short sword of the Vulture {flame, rCorr Int+4}
   (You bought it in a shop on level 6 of the Dungeon)

   It burns those it strikes, dealing additional fire damage.
   Int:       It affects your intelligence (+4).
   rCorr:     It protects you from acid and corrosion.
Missiles
 a - 3 curare-tipped darts
 s - 18 poisoned darts
 B - a throwing net
 I - 7 javelins
Armour
 l - the +3 pair of gauntlets of War (worn) {Slay+5}
   (You found it in a wizard's laboratory)

   Slay:      It affects your accuracy & damage with ranged weapons and melee
   (+5).
 n - the +0 cloak of Teneeg (worn) {Str+3 Dex+5}
   (You found it on level 5 of the Dungeon)

   Str:       It affects your strength (+3).
   Dex:       It affects your dexterity (+5).
 u - the +1 pair of boots of Elust (worn) {rF+ rN+ Stlth+}
   (You bought it in a shop on level 1 of the Dungeon)

   rF:        It protects you from fire.
   rN:        It protects you from negative energy.
   Stlth:     It makes you more stealthy.
 z - the +3 ring mail of Quiet Fog (worn) {+Blink Will+ Str+3}
   (You bought it in a shop on level 1 of the Dungeon)

   Str:       It affects your strength (+3).
   +Blink:    It lets you blink.
   Will:      It increases your willpower.
 W - the +0 mask of the Dragon (worn) {Will+ Slay+3 SInv}
   (You bought it in a shop on level 1 of the Orcish Mines)

   Slay:      It affects your accuracy & damage with ranged weapons and melee
   (+3).
   SInv:      It lets you see invisible.
   Will:      It increases your willpower.
Jewellery
 e - a ring of flight
 w - a +4 ring of protection (left hand)
 x - the ring "Cimid" (right hand) {rN+ Int+6 SInv}
   (You found it on level 7 of the Dungeon)

   [ring of intelligence]

   Int:       It affects your intelligence (+6).
   rN:        It protects you from negative energy.
   SInv:      It lets you see invisible.
 Q - the amulet of Vitality (around neck) {RegenMP++ Regen++}
   (You found it on level 4 of the Lair of Beasts)

   [amulet of magic regeneration]

   It increases your rate of magic regeneration.
   Regen:     It increases your rate of health regeneration.
 T - a ring of poison resistance
Wands
 g - a wand of roots (6)
 p - a wand of digging (13)
 v - a wand of polymorph (13)
 y - a wand of paralysis (10)
 O - a wand of flame (21) (quivered)
Scrolls
 j - 2 scrolls of magic mapping
 A - a scroll of blinking
 D - a scroll of enchant armour
 E - 3 scrolls of identify
 F - 2 scrolls of fear
 G - 4 scrolls of vulnerability
 J - 6 scrolls of amnesia
 K - 5 scrolls of teleportation
 L - 2 scrolls of summoning
 M - 2 scrolls of butterflies
 N - a scroll of poison
 P - 2 scrolls of brand weapon
 X - 3 scrolls of enchant weapon
Potions
 b - 3 potions of flight
 c - 11 potions of curing
 d - 3 potions of haste
 f - 3 potions of berserk rage {unknown}
 h - 2 potions of mutation
 k - 4 potions of attraction
 m - a potion of heal wounds
 o - 3 potions of ambrosia {unknown}
 q - a potion of might
 t - 3 potions of brilliance
 C - 5 potions of cancellation {unknown}
 U - a potion of magic {unknown}
Miscellaneous
 i - a lightning rod (4/4)
 H - a condenser vane (inert)
 R - a box of beasts (inert)
 V - a phial of floods


   Skills:
 + Level 13.3 Fighting
 - Level 2.9 Long Blades
 - Level 10.0 Armour
 + Level 12.0 Dodging
 - Level 5.0 Stealth
 + Level 11.9 Unarmed Combat
 + Level 10.2 Spellcasting
 - Level 5.0 Necromancy
 - Level 1.0 Translocations
 - Level 9.0 Fire Magic
 + Level 12.8 Invocations
 + Level 11.7 Evocations


You had 17 spell levels left.
You knew the following spells:

 Your Spells              Type           Power      Damage    Failure   Level
a - Scorch                Fire           100%       2d10      1%          2
b - Corpse Rot            Necr/Pois/Air  22%        N/A       32%         4
c - Dispel Undead         Necr           39%        3d16      9%          4
d - Animate Dead          Necr           39%        N/A       9%          4
p - Passage of Golubria   Tloc           18%        N/A       41%         4
y - Apportation           Tloc           36%        N/A       4%          1

Your spell library contained the following spells:

 Spells                   Type           Power      Damage    Failure   Level
 Necrotise                Necr           100%       1d9       1%          1
 Sublimation of Blood     Necr           39%        N/A       1%          2
 Beastly Appendage        Tmut           26%        N/A       7%          1
 Freeze                   Ice            52%        1d7       7%          1
 Magic Dart               Conj           52%        1d5       7%          1
 Shock                    Conj/Air       52%        1d6       7%          1
 Summon Small Mammal      Summ           52%        N/A       7%          1
 Call Imp                 Summ           13%        N/A       11%         2
 Poisonous Vapours        Pois/Air       26%        N/A       11%         2
 Static Discharge         Conj/Air       13%        3-5/arc   11%         2
 Wereblood                Tmut           13%        N/A       11%         2
 Sticky Flame             Conj/Fire      36%        2d6       11%         4
 Portal Projectile        Hex/Tloc       30%        N/A       17%         3
 Call Canine Familiar     Summ           13%        N/A       21%         3
 Frozen Ramparts          Ice            26%        1d4       21%         3
 Mephitic Cloud           Conj/Pois/Air  13%        N/A       21%         3
 Spider Form              Tmut/Pois      13%        N/A       21%         3
 Stone Arrow              Conj/Erth      26%        3d8       21%         3
 Swiftness                Air            13%        N/A       21%         3
 Tukima's Dance           Hex            13%        N/A       21%         3
 Anguish                  Hex/Necr       13%        N/A       24%         4
 Airstrike                Air            6%         2d(1-17)  56%         4
 Animate Armour           Summ/Erth      26%        N/A       56%         4
 Hailstorm                Conj/Ice       13%        3d5       56%         4
 Leda's Liquefaction      Hex/Erth       6%         N/A       56%         4
 Death Channel            Necr           19%        N/A       78%         6
 Blade Hands              Tmut           6%         N/A       88%         5
 Lightning Bolt           Conj/Air       6%         1d18      88%         5
 Metabolic Englaciation   Hex/Ice        6%         N/A       88%         5
 Yara's Violent Unravell  Hex/Tmut       6%         3d5       88%         5
 Iron Shot                Conj/Erth      6%         9d2       100%        6
 Enfeeble                 Hex            6%         N/A       100%        7
 Summon Hydra             Summ           6%         N/A       100%        7
 Lehudib's Crystal Spear  Conj/Erth      6%         10d3      100%        8
 Maxwell's Capacitive Co  Air            6%         ∞         100%        8


Dungeon Overview and Level Annotations

Branches:
Dungeon (15/15)            Temple (1/1) D:5            Lair (5/5) D:8
  Swamp (4/4) Lair:3        Snake (2/4) Lair:2        Slime (0/5) Lair:5
    Orc (2/2) D:9             Elf (1/3) Orc:2        Vaults (0/5) D:14
 Depths (0/4) D:15         WizLab (1/1)

Altars:
Ashenzari
Cheibriados
Dithmenos
Fedhas
Gozag
Hepliaklqana
Kikubaaqudgha
Makhleb
Nemelex Xobeh
Okawaru
Qazlal
Ru
Sif Muna
Trog
Uskayaw
Vehumet
Wu Jian
Xom
Yredelemnul
Jiyva
Lugonu

Shops:
D:1 [   D:6 [([[(   D:7 (   Orc:1 [   Orc:2 =[*(

Portals:
Abyss: D:14

Annotations:
D:9 2 transporters
D:15 Roxanne


Innate Abilities, Weirdness & Mutations

You are completely covered in yellow scales. (AC +4, rCorr)
A meltable icy envelope protects you from harm. (AC +0)
You are mostly covered in sharp spines.
A meltable shield of frost defends you. (SH +0)
You punish those that try to bend your will. (Will+)
Your touch may inflict irresistible damage on your foes.


Message History

The rakshasa dissolves into shadows!
The +3 longbow of Mana {speed, Drain rF+ Dex+4} shimmers and vanishes!
The +2 trident of venom is engulfed in blazing flames.
The +2 vorpal war axe is struck by your spines.
The +2 vorpal war axe hits you!
* * * LOW HITPOINT WARNING * * *
x2 The +2 vorpal war axe is struck by your spines.
You destroy the +2 vorpal war axe!
The +2 vorpal war axe shimmers and vanishes!
The balrug is struck by your spines.
The balrug hits you with a +0 demon whip of electrocution.
* * * LOW HITPOINT WARNING * * *
You are engulfed in flames!
You resist.
* * * LOW HITPOINT WARNING * * *
You are electrocuted!
* * * LOW HITPOINT WARNING * * *
The cacodemon is engulfed in blazing flames.
The cacodemon hits your cacodemon but does no damage. x2
The +3 longbow of Mana {speed, Drain rF+ Dex+4} shoots an arrow.
The arrow hits you but does no damage.
The strange machine is engulfed in blazing flames.
The walking earthen tome is engulfed in blazing flames.
The strange machine is engulfed in blazing flames.
The +0 vorpal flail is engulfed in blazing flames.
You destroy the +0 vorpal flail!
The +0 vorpal flail dissolves into shadows!
You feel much better.
You feel sick.
The +2 trident of venom is engulfed in blazing flames.
The +2 trident of venom hits you from afar.
* * * LOW HITPOINT WARNING * * *
You are more poisoned.
The +2 vorpal war axe is struck by your spines.
The +2 vorpal war axe hits you!
* * * LOW HITPOINT WARNING * * *
x2 Your cacodemon is engulfed in blazing flames.
Your cacodemon gestures at the cacodemon.
The cacodemon twists and deforms.
The +3 longbow of Mana {speed, Drain rF+ Dex+4} shoots an arrow.
The arrow hits you!!
You die...

#.. ##.)### ##.
##..⌠..###.).## ##.
##.....####..### #...
##R8.#####...### ..#..
###§#####..#..###
...*#####.§§#####.....###
##.*.###§.§§§###...##..###
##*.;..§§§8(§(.....##...##
..*##...§§;@2@..##.....###
..######§§22(######...###
####:[;[}###########
####### ##### #####


You could see 2 walking earthen tomes, a cacodemon (distracted, misshapen, ally
target), 2 strange machines, a balrug, a rakshasa, 3 dancing weapons, hofbold's
illusion and a friendly cacodemon (summoned).

Vanquished Creatures
  Jorgrun (D:12)
  Agnes (D:15)
  2 orc warlords
  Louise (D:15)
  A stone giant (D:10)
  Nessos (D:13)
  4 eleionomae
  4 bunyips
  3 shambling mangroves
  A great orb of eyes (shapeshifter) (D:10)
  A rakshasa (WizLab)
  Josephine (D:13)
  4 vault guards (D:14)
  2 ghost crabs
  A great orb of eyes (D:10)
  2 boulder beetles
  A spriggan air mage (Swamp:4)
  4 catoblepae
  20 hydras
  3 two-headed ogres
  Erica (D:11)
  10 alligators
  6 centaur warriors
  2 dancing weapons (WizLab)
  A naga warrior (Snake:1)
  A death knight (D:14)
  2 deep troll earth magi (D:10)
  2 tengu warriors
  3 orc high priests
  A naga sharpshooter (Snake:1)
  10 death yaks
  4 shock serpents (Snake:1)
  A deep elf knight (Elf:1)
  Sonja (D:11)
  4 goliath frogs
  4 skeletal warriors
  A naga ritualist (Snake:1)
  A flayed ghost (D:10)
  A deep elf archer (Elf:1)
  9 swamp dragons
  6 orc knights
  4 spriggan druids
  3 bog bodies
  A necromancer (D:15)
  A wolf spider (D:10)
  Pikel (D:5)
  12 deep elf pyromancers
  4 mana vipers (Snake:1)
  5 ugly things
  10 manticores
  9 deep elf zephyrmancers
  An ugly thing zombie (D:14)
  6 orc sorcerers
  A salamander (Snake:1)
  6 cyclopes
  A will-o-the-wisp (Swamp:1)
  4 oklob plants (Lair:5)
  A guardian serpent (Snake:1)
  9 black mambas
  Maurice (D:8)
  4 centaur zombies (D:15)
  7 elephants
  2 torpor snails (Lair:5)
  A gargoyle (D:8)
  4 naga magi (Snake:1)
  A cane toad (shapeshifter) (D:11)
  4 komodo dragons
  7 cane toads
  5 rime drakes
  A tengu conjurer (D:15)
  2 kobold demonologists (D:8)
  A freezing wraith (D:14)
  2 unseen horrors (D:12)
  4 polar bears
  9 trolls
  4 tyrant leeches
  4 hornets
  A meliai (shapeshifter) (D:14)
  6 meliai
  6 dream sheep
  9 slime creatures (D:14)
  A wind drake (shapeshifter) (D:14)
  13 blink frogs
  A meliai zombie (D:15)
  2 shadows (D:10)
  3 spriggans
  A vampire (D:11)
  3 water elementals
  3 wyverns
  60 yaks
  8 wraiths
  4 basilisks
  10 fire elementals
  12 vampire mosquitoes
  5 wargs
  13 swamp worms
  12 nagas
  3 acid dragons (D:10)
  9 water moccasins
  6 swamp drakes
  4 ice beasts
  A sky beast (D:8)
  2 black bears (Lair:1)
  34 orc warriors
  20 wolves
  10 ogres
  2 vampire mosquito zombies (D:12)
  11 centaurs
  A phantom (D:5)
  4 kobold brigands
  8 bullfrogs
  A necrophage (D:7)
  An elf zombie (D:6)
  4 scorpions
  2 elf skeletons (D:6)
  5 wights
  10 killer bees
  6 electric eels
  2 howler monkeys (D:8)
  15 orc priests
  8 hounds
  A human zombie (D:6)
  3 gnoll boudas (D:8)
  Jessica (D:2)
  Ijyb (D:4)
  2 iguanas
  20 orc wizards
  19 gnolls
  5 adders
  A shadow imp (D:6)
  2 white imps (D:7)
  2 ufetubi
  2 worms (D:2)
  86 orcs
  7 ball pythons
  5 endoplasms
  A giant cockroach (D:1)
  4 goblins
  8 hobgoblins
  2 jackals (D:1)
  21 kobolds
  3 quokkas
  2 bats
  8 frilled lizards
  2 orc skeletons (D:6)
  23 rats
844 creatures vanquished.

Vanquished Creatures (collateral kills)
  2 walking earthen tomes (WizLab)
  A deep elf annihilator (Elf:1)
  3 eleionomae
  A bunyip (Swamp:4)
  4 hydras
  A boulder beetle (D:14)
  4 dancing weapons
  6 alligators
  A bog body (Swamp:3)
  4 swamp dragons (Swamp:4)
  A cyclops (D:14)
  An air elemental (Elf:1)
  A swamp worm (Swamp:4)
  2 swamp drakes (Swamp:4)
32 creatures vanquished.

Vanquished Creatures (others)
  A wizard (D:15)
  An eleionoma zombie (Swamp:3)
  A naga mage (Snake:2)
  2 human zombies (D:14)
  2 bloated husks (Swamp:2)
  A hydra zombie (Swamp:4)
  A meliai zombie (D:12)
  An alligator zombie (Swamp:3)
  A spriggan (Swamp:2)
  A wind drake zombie (D:14)
  A swamp worm (Swamp:2)
  A swamp dragon zombie (Swamp:4)
  A vampire mosquito zombie (D:12)
  An orc wizard (D:10)
  151 foxfires
  50 fungi
  A lurking horror (D:14)
  32 plants
250 creatures vanquished.

Grand Total: 1126 creatures vanquished

Notes
Turn   | Place    | Note
-------+----------+-------------------------------------------
     0 | D:1      | hofbold the Demonspawn Cinder Acolyte began the quest for
                  | the Orb.
     0 | D:1      | Reached XP level 1. HP: 18/18 MP: 2/2
   341 | D:1      | Gained mutation: A meltable shield of frost defends you.
                  | (SH +0) [demonic ancestry]
   341 | D:1      | Reached XP level 2. HP: 15/24 MP: 3/3
   346 | D:1      | Learned a level 2 spell: Scorch
  1043 | D:1      | Found Jajiywam's Antique Armour Emporium.
  1290 | D:2      | Reached skill level 1 in Armour
  1290 | D:2      | Gained mutation: Your touch may inflict minor irresistible
                  | damage on your foes. [demonic ancestry]
  1290 | D:2      | Reached XP level 3. HP: 29/29 MP: 2/5
  1458 | D:2      | Noticed Jessica
  1477 | D:2      | Reached skill level 1 in Dodging
  1494 | D:2      | Killed Jessica
  1495 | D:2      | Gained mutation: You are partially covered in sharp spines.
                  | [demonic ancestry]
  1495 | D:2      | Reached XP level 4. HP: 35/35 MP: 6/6
  1522 | D:2      | Found a broken altar of Ashenzari.
  1897 | D:2      | Found a faded altar of an unknown god.
  2256 | D:3      | Reached skill level 1 in Unarmed Combat
  2256 | D:3      | Gained mutation: Your touch may inflict irresistible damage
                  | on your foes. [demonic ancestry]
  2256 | D:3      | Reached XP level 5. HP: 39/41 MP: 6/8
  3180 | D:4      | Gained mutation: You are partially covered in yellow
                  | scales. (AC +2) [demonic ancestry]
  3180 | D:4      | Reached XP level 6. HP: 48/48 MP: 4/9
  3221 | D:4      | Found a large runed translucent door.
  3298 | D:4      | Found a large runed translucent door.
  3345 | D:4      | Identified the +3 ring mail "Gunaab" {Harm rF- rC++ Dex+4}
  3422 | D:4      | Noticed Ijyb
  3426 | D:4      | Killed Ijyb
  3475 | D:4      | Reached skill level 1 in Stealth
  3475 | D:4      | Reached skill level 1 in Evocations
  4061 | D:4      | Reached skill level 4 in Fighting
  4245 | D:4      | Found a bloodstained altar of Trog.
  4251 | D:4      | Gained mutation: You are mostly covered in yellow scales.
                  | (AC +3) [demonic ancestry]
  4251 | D:4      | Reached XP level 7. HP: 54/54 MP: 5/10
  4335 | D:4      | Found a basalt altar of Yredelemnul.
  4375 | D:5      | Entered Level 5 of the Dungeon
  4632 | D:5      | Identified the +0 cloak of Teneeg {Str+3 Dex+5}
  4916 | D:5      | Found a snail-covered altar of Cheibriados.
  5436 | D:5      | Noticed Pikel
  5445 | D:5      | Killed Pikel
  5446 | D:5      | Gained mutation: A meltable icy envelope protects you from
                  | harm. (AC +0) [demonic ancestry]
  5446 | D:5      | Reached XP level 8. HP: 61/61 MP: 3/13
  5736 | D:5      | Found a staircase to the Ecumenical Temple.
  5745 | Temple   | Entered the Ecumenical Temple
  6184 | D:6      | Found Hizem's Antique Armour Emporium.
  6216 | D:6      | Bought a pair of boots for 108 gold pieces
  6539 | D:1      | Bought a pair of transparent boots for 294 gold pieces
  6539 | D:1      | Identified the +1 pair of boots of Elust {rF+ rN+ Stlth+}
                  | (You bought it in a shop on level 1 of the Dungeon)
  6740 | D:6      | Found Akaprack's Antique Armour Emporium.
  6773 | D:6      | Found Jocexan's Weapon Shoppe.
  7167 | D:6      | Reached skill level 5 in Fighting
  7284 | D:6      | Found Esomi's Armour Boutique.
  7384 | D:6      | Found Tymnus's Antique Weapon Boutique.
  7704 | D:7      | Found Vysiehuu's Antique Weapon Emporium.
  7843 | D:7      | Gained mutation: You are completely covered in yellow
                  | scales. (AC +4, rCorr) [demonic ancestry]
  7843 | D:7      | Reached XP level 9. HP: 68/68 MP: 9/14
  8417 | D:7      | Identified the ring "Cimid" {rN+ Int+6 SInv}
  8809 | D:8      | Noticed Maurice
  8814 | D:8      | Killed Maurice
  8815 | D:8      | Reached skill level 5 in Fire Magic
  9224 | D:8      | Noticed a troll
  9238 | D:8      | Killed a troll
  9798 | D:8      | Noticed a gargoyle
  9825 | D:8      | Killed a gargoyle
  9826 | D:8      | Reached skill level 6 in Fighting
  9826 | D:8      | Reached XP level 10. HP: 25/76 MP: 2/17
 10069 | D:8      | Found a faded altar of an unknown god.
 10070 | D:8      | Found a hazy altar of Hepliaklqana.
 10121 | D:8      | Found a staircase to the Lair.
 10765 | D:1      | Bought a smoking ring mail for 279 gold pieces
 10765 | D:1      | Identified the +3 ring mail of Quiet Fog {+Blink Will+
                  | Str+3} (You bought it in a shop on level 1 of the Dungeon)
 10996 | D:8      | Reached skill level 5 in Spellcasting
 11197 | D:8      | Reached skill level 5 in Evocations
 11280 | D:8      | Reached skill level 5 in Stealth
 11454 | D:8      | Reached skill level 5 in Armour
 11454 | D:8      | Reached skill level 5 in Dodging
 12025 | D:9      | Found a transporter.
 12073 | D:9      | Noticed a deep elf knight
 12074 | D:9      | Found a transporter.
 12105 | D:9      | Reached skill level 5 in Unarmed Combat
 12549 | D:9      | Found a staircase to the Orcish Mines.
 12682 | D:9      | Identified the +10 short sword of Cuatit {spect, rN+}
 12806 | Orc:1    | Entered Level 1 of the Orcish Mines
 12857 | Orc:1    | Noticed a two-headed ogre
 12874 | Orc:1    | Killed a two-headed ogre
 12955 | Orc:1    | Reached XP level 11. HP: 66/83 MP: 1/19
 13232 | Orc:1    | Found Kauth's Antique Armour Shop.
 13528 | Orc:1    | Noticed an orc sorcerer
 13533 | Orc:1    | Killed an orc sorcerer
 13534 | Orc:1    | Reached skill level 7 in Fighting
 14087 | Orc:2    | Entered Level 2 of the Orcish Mines
 14090 | Orc:2    | Noticed an orc high priest
 14090 | Orc:2    | Noticed an orc knight
 14090 | Orc:2    | Noticed an orc knight
 14091 | Orc:2    | Noticed an orc warlord
 14100 | Orc:2    | Noticed a soul eater
 14103 | Orc:2    | Noticed a sun demon
 14718 | Orc:1    | Killed an orc knight
 14889 | Orc:2    | Found Olabbesy's Jewellery Emporium.
 14983 | Orc:1    | Killed an orc high priest
 15216 | Orc:1    | Killed an orc knight
 15622 | Orc:2    | Noticed an orc high priest
 15623 | Orc:2    | Noticed an orc sorcerer
 15881 | Lair:1   | Entered Level 1 of the Lair of Beasts
 15916 | Lair:1   | Noticed a death yak
 15916 | Lair:1   | Noticed a death yak
 15917 | Lair:1   | Noticed a death yak
 15918 | Lair:1   | Noticed a death yak
 16269 | D:10     | Entered Level 10 of the Dungeon
 16547 | D:10     | Noticed a catoblepas
 16547 | D:10     | Noticed a great orb of eyes
 16574 | D:10     | Killed a catoblepas
 16579 | D:10     | Killed a great orb of eyes
 16886 | D:10     | Noticed an orc sorcerer
 16886 | D:10     | Noticed an orc knight
 16886 | D:10     | Noticed a boulder beetle
 16886 | D:10     | Noticed a deep troll earth mage
 16886 | D:10     | Noticed a wolf spider
 17249 | D:10     | Noticed a deep troll earth mage
 17249 | D:10     | Noticed a skeletal warrior
 17249 | D:10     | Noticed a flayed ghost
 17249 | D:10     | Noticed a centaur warrior
 17265 | D:10     | Killed a centaur warrior
 17266 | D:10     | Reached XP level 12. HP: 48/92 MP: 20/22
 17267 | D:10     | Killed a deep troll earth mage
 17271 | D:10     | Reached skill level 8 in Fighting
 17431 | D:10     | Noticed a centaur warrior
 17453 | D:10     | Killed a centaur warrior
 17505 | D:10     | Noticed a two-headed ogre
 17537 | D:10     | Killed a two-headed ogre
 17860 | D:10     | Noticed a frost giant
 18399 | Orc:1    | Killed an orc high priest
 18760 | Orc:2    | Killed an orc warlord
 19037 | Orc:2    | Bought the amulet of Buzovos {Reflect Int+2 SH+5} for 576
                  | gold pieces
 19080 | Orc:2    | Found Juitzot's Antique Armour Shop.
 19100 | Orc:2    | Found Johonn's General Store.
 19110 | Orc:2    | Noticed an orc warlord
 19605 | Orc:2    | Noticed an orc high priest
 19612 | Orc:2    | Killed an orc high priest
 20152 | Orc:1    | Killed an orc warlord
 20451 | Orc:2    | Found Laosups's Antique Weapon Shoppe.
 20507 | Orc:2    | Found a staircase to the Elven Halls.
 20577 | Orc:2    | Gained mutation: You punish those that try to bend your
                  | will. (Will+) [demonic ancestry]
 20577 | Orc:2    | Reached XP level 13. HP: 100/100 MP: 15/24
 20822 | D:6      | Bought a helmet for 117 gold pieces
 20867 | D:6      | Bought a jewelled short sword for 168 gold pieces
 20867 | D:6      | Identified the +11 short sword of the Vulture {flame, rCorr
                  | Int+4} (You bought it in a shop on level 6 of the Dungeon)
 21797 | D:8      | Reached skill level 9 in Fighting
 22766 | Temple   | Fell from the grace of Ignis
 22766 | Temple   | Became a worshipper of Makhleb the Destroyer
 23431 | Lair:1   | Reached skill level 1 in Invocations
 23710 | Lair:2   | Found a staircase to the Snake Pit.
 23875 | Lair:2   | Found a radiant altar of Vehumet.
 23933 | Lair:2   | Reached * piety under Makhleb
 25184 | Lair:3   | Found a staircase to the Swamp.
 25463 | Lair:3   | You fall into a shaft and drop 2 floors!
 25463 | Lair:5   | Entered Level 5 of the Lair of Beasts
 25540 | Lair:5   | Reached ** piety under Makhleb
 25796 | Lair:5   | Got the Spellbook of Shivering Death
 25941 | Lair:4   | Learned a level 4 spell: Dispel Undead
 25946 | Lair:4   | Learned a level 4 spell: Animate Dead
 25951 | Lair:4   | Learned a level 4 spell: Corpse Rot
 26066 | Lair:4   | Identified the +2 leather armour of Integrity {Rampage rN+
                  | Str+2 Stlth-}
 26524 | Lair:4   | Gained mutation: You are mostly covered in sharp spines.
                  | [demonic ancestry]
 26524 | Lair:4   | Reached XP level 14. HP: 109/109 MP: 19/26
 26642 | Lair:4   | Found a burning altar of Makhleb.
 26751 | Lair:4   | Found the amulet of Vitality {RegenMP++ Regen++}
 26775 | Lair:4   | Reached skill level 1 in Necromancy
 27530 | Lair:5   | Reached *** piety under Makhleb
 27531 | Lair:5   | Reached skill level 10 in Fighting
 27531 | Lair:5   | Reached skill level 5 in Invocations
 28235 | Lair:5   | Was forgiven by Ignis
 28986 | Lair:5   | Found a viscous altar of Jiyva.
 28988 | Lair:5   | Found a staircase to the Slime Pits.
 29571 | D:10     | Reached **** piety under Makhleb
 29645 | D:10     | Identified the +9 great sword of Xosaxem {vamp, Contam
                  | *Corrode rElec rF+++}
 29672 | D:10     | Noticed a stone giant
 29689 | D:10     | Killed a stone giant
 29710 | D:10     | Identified the +0 scale mail of Objectivity {rF- Int+5}
 29711 | D:10     | Identified the +6 war axe "Ocaimuot" {vorpal, rPois rC+
                  | Will+ Dex+4}
 29939 | D:11     | Noticed Erica
 29946 | D:11     | Killed Erica
 30008 | D:11     | Noticed Sonja
 30016 | D:11     | Killed Sonja
 30240 | D:11     | Reached XP level 15. HP: 117/117 MP: 28/28
 30409 | D:12     | Reached skill level 10 in Evocations
 30571 | D:12     | Noticed Jorgrun
 30586 | D:12     | Killed Jorgrun
 30892 | D:12     | Reached skill level 5 in Necromancy
 31206 | D:13     | Noticed Nessos
 31219 | D:13     | Killed Nessos
 31284 | D:13     | Noticed Josephine
 31303 | D:13     | Killed Josephine
 31349 | D:13     | Reached ***** piety under Makhleb
 32009 | D:14     | Identified the +0 plate armour of Intuition {MP+9 Slay+3}
 32135 | D:14     | Reached skill level 11 in Fighting
 32156 | D:14     | Found a one-way gate to the infinite horrors of the Abyss.
 32158 | D:14     | Found a corrupted altar of Lugonu.
 32295 | D:14     | Found a gate to the Vaults.
 32366 | D:14     | Reached skill level 10 in Spellcasting
 32500 | D:14     | Found a blossoming altar of Fedhas.
 32824 | D:15     | Entered Level 15 of the Dungeon
 32875 | D:14     | Reached skill level 10 in Dodging
 33165 | D:15     | Reached skill level 10 in Unarmed Combat
 33200 | D:15     | Noticed Louise
 33204 | D:15     | Noticed Agnes
 33213 | D:15     | Killed Agnes
 33235 | D:15     | Killed Louise
 33298 | D:15     | Identified the +0 leather armour "Jutosaja" {rPois rF+}
 33323 | D:15     | Noticed Roxanne
 33705 | D:15     | Reached skill level 10 in Armour
 33705 | D:15     | Reached XP level 16. HP: 126/126 MP: 28/30
 33877 | D:15     | Found a staircase to the Depths.
 34184 | Snake:1  | Entered Level 1 of the Snake Pit
 34189 | Snake:1  | Found a stormy altar of Qazlal.
 34507 | Snake:1  | Identified the +5 great sword "Lac Naom" {venom, Str+4}
 34589 | Snake:1  | Learned a level 1 spell: Apportation
 34594 | Snake:1  | Learned a level 4 spell: Passage of Golubria
 34676 | Snake:1  | Reached skill level 10 in Invocations
 34782 | Snake:1  | Reached skill level 1 in Translocations
 34782 | Snake:1  | Reached ****** piety under Makhleb
 35081 | Snake:1  | Reached skill level 12 in Fighting
 35378 | Swamp:1  | Entered Level 1 of the Swamp
 36952 | Swamp:3  | Identified the +1 leather armour "Qudabakhe" {Str+5}
 37572 | Swamp:4  | Entered Level 4 of the Swamp
 37725 | Swamp:4  | Reached XP level 17. HP: 104/135 MP: 26/31
 37924 | Swamp:4  | Reached skill level 13 in Fighting
 38033 | Swamp:4  | Got a decaying rune of Zot
 38418 | Orc:1    | Bought the +0 mask of the Dragon {Will+ Slay+3 SInv} for
                  | 1068 gold pieces
 38418 | Orc:1    | Found the +0 mask of the Dragon {Will+ Slay+3 SInv}
 38471 | Elf:1    | Entered Level 1 of the Elven Halls
 38839 | Elf:1    | Identified a scroll of acquirement
 38867 | Elf:1    | Found a magical portal.
 38872 | WizLab   | Entered Tukima's Studio
 38873 | WizLab   | Acquired a manual of Spellcasting
 38938 | WizLab   | Noticed a walking earthen tome
 38945 | WizLab   | Noticed a walking earthen tome
 38949 | WizLab   | Killed a walking earthen tome
 38958 | WizLab   | Killed a walking earthen tome
 38970 | WizLab   | Found the +3 pair of gauntlets of War {Slay+5}
 38990 | WizLab   | Identified the +3 longbow of Mana {speed, Drain rF+ Dex+4}
 38996 | WizLab   | Noticed hofbold's illusion
 38999 | WizLab   | Noticed a walking earthen tome
 39013 | WizLab   | HP: 2/137 [balrug (illusionary)/+0 demon whip of
                  | electrocution[the strange machine] (12)]
 39014 | WizLab   | Shot with an arrow by a +3 longbow of Mana {speed, Drain
                  | rF+ Dex+4}

Illustrated notes

Levels and vault maps discovered:
D:1:      dpeg_arrival_houses_and_road, layout_basic, serial_shops, shop
D:2:      layout_basic, basic_altar,
          hellmonk_ecumenical_altar_pennies_from_heaven, uniq_jessica
D:3:      layout_loops_ring, serial_park_tiny_2, dk_noncrumbling_3,
          minmay_rat_hole
D:4:      layout_loops_ring, jmf_multi_god_temple2, minmay_close_crescents,
          uniq_ijyb
D:5:      layout_layer_cave, cheibriados_altar_1, temple_green, uniq_pikel
D:6:      layout_cave_pods, nicolae_ossuary_entry_catacombs, serial_shops,
          nicolae_shop_statue_plus, nicolae_square_shop, shop,
          nicolae_square_shop, shop
D:7:      layout_rooms, serial_shops, nicolae_stop_n_shop_2,
          nrook_mini_backslash
D:8:      layout_cave_pools, beargit_hepliaklqana_dungeon_heroes,
          erik_lair_island, uniq_maurice
D:9:      gammafunk_wand_slinger, layout_long_grid, david_orc_2,
          chequers_decorated_corner
D:10:     layout_basic, nicolae_rejected_hall
D:11:     layout_rooms, uniq_sonja, uniq_erica
D:12:     layout_long_grid, uniq_jorgrun
D:13:     layout_loops_cross, evilmike_butchery, uniq_nessos, uniq_josephine
D:14:     layout_basic, lightli_vaults_fourway_checkpoint,
          fedhas_altar_fruit_tree, amcnicky_altar_lugonu_corruption
D:15:     grunt_enter_depths_magical_seal, layout_cave_pools,
          palyth_stone_intersect, elves_outpost_lemuel, uniq_roxanne,
          uniq_louise, uniq_agnes
Temple:   nicolae_temple_no_exploring_needed
Lair:1:   layout_regular_city, beast_lair_carwin_11
Lair:2:   layout_loops_ring, minmay_snake_entry_guardpost_large, basic_altar
Lair:3:   layout_gridlike, skrybe_swamp_entry_bodies,
          chequers_serial_rivers_micro_e, lemuel_centaur_altar
Lair:4:   layout_cave_pods, basic_altar
Lair:5:   evilmike_catoblepas_cave, layout_hall_layers,
          minmay_slime_entry_oklob_enclosed
Swamp:1:  layout_falls_marsh, serial_swamp_ruin, evilmike_swamp_ruin_house_6,
          evilmike_swamp_ruin_rubble_2, evilmike_swamp_ruin_house_5
Swamp:2:  layout_basic_swamp, evilmike_swamp_ruin_house_4,
          infiniplex_staircase_pool
Swamp:3:  layout_basic_swamp, evilmike_swamp_ruin_house_2
Swamp:4:  swamp, layout_basic_swamp, swamp_pool2
Snake:1:  layout_gridlike, basic_altar, lemuel_fruit_tree
Snake:2:  layout_layer_cave, serial_bayou_shore_b, minmay_shop_star,
          grunt_megastairs_5, serial_bayou_shore_b, serial_bayou_shore_a
Orc:1:    layout_diamond_mine, serial_shops, nicolae_shop_crystal
Orc:2:    grunt_orc_gardens, layout_diamond_mine, grunt_orc_garden,
          grunt_orc_garden, grunt_orc_garden, grunt_orc_garden
Elf:1:    eino_elf_arrival_sip, layout_rooms, mu_enter_wizlab_4,
          minmay_elf_sorcery, evilmike_spriggan_trog_shrine, uniq_zenata,
          uniq_kirke
WizLab:   wizlab_tukima

Skill      XL: |  1  2  3  4  5  6  7  8  9 10 11 12 13 14 15 16 17 |
---------------+----------------------------------------------------+-----
Armour         | 1 2 3 4 5 6 7 8 10 | 10.0
Dodging        | 1 2 3 4 5 6 7 8 9 10 11 12 | 12.0
Fire Magic     | 3 4 5 6 7 8 9 |  9.0
Spellcasting   | 2 3 4 5 6 7 8 9 10 | 10.2
Unarmed Combat | 1 2 3 4 5 6 7 8 9 10 11 | 11.9
Stealth        | 1 2 3 4 5 |  5.0
Evocations     | 1 2 3 4 5 6 8 9 10 11 | 11.7
Fighting       | 4 5 6 7 8 9 10 11 12 13 | 13.3
Invocations    | 4 6 9 11 12 | 12.8
Necromancy     | 4 5 |  5.0
Translocations | 1 |  1.0
Long Blades    | |  2.9

Action                   |  1- 3 |  4- 6 |  7- 9 | 10-12 | 13-15 | 16-18 || total
-------------------------+-------+-------+-------+-------+-------+-------++-------
Melee: Falchion          |    53 |       |       |       |       |       ||    53
       Unarmed           |    14 |    78 |   104 |   245 |   708 |   423 ||  1572
       Touch             |     2 |    19 |    16 |    54 |   184 |    84 ||   359
       Punch             |       |     1 |     3 |    11 |    64 |    34 ||   113
Throw: Dart              |       |       |     4 |    66 |    57 |     2 ||   129
       Javelin           |       |       |       |       |     7 |       ||     7
 Cast: Scorch            |     9 |    28 |   114 |   350 |   500 |   181 ||  1182
       Animate Dead      |       |       |       |       |     7 |     6 ||    13
       Corpse Rot        |       |       |       |       |       |     1 ||     1
Invok: Foxfire Swarm     |     3 |       |     6 |       |       |       ||     9
       Rising Flame      |       |       |       |     1 |       |       ||     1
       Major Destruction |       |       |       |       |     3 |       ||     3
       Greater Servant o |       |       |       |       |       |     4 ||     4
 Abil: Evoke Blink       |       |       |       |     9 |     3 |     5 ||    17
Evoke: Wand              |       |       |     1 |    44 |    23 |     5 ||    73
       Lightning rod     |       |       |       |    12 |    14 |     4 ||    30
       Condenser vane    |       |       |       |       |     7 |     3 ||    10
       Box of beasts     |       |       |       |       |       |     2 ||     2
       Phial of floods   |       |       |       |       |       |     1 ||     1
  Use: Scroll            |     2 |     4 |     6 |     5 |    12 |     3 ||    32
       Potion            |       |       |     1 |       |     2 |     1 ||     4
 Stab: Sleeping          |       |     1 |     1 |     1 |     3 |     2 ||     8
       Paralysed         |       |       |       |     6 |       |       ||     6
       Distracted        |       |       |       |       |       |     3 ||     3
Armor: Robe              |    19 |    10 |    60 |     3 |       |       ||    92
       Ring mail         |       |       |       |   228 |   581 |   371 ||  1180
Dodge: Dodged            |    53 |    28 |    66 |   373 |   715 |   468 ||  1703
Block: Other             |     3 |    14 |    26 |   131 |   296 |    99 ||   569
       Reflection        |       |       |       |       |     2 |       ||     2

Table legend: (Time is in decaauts)
 A = Elapsed time spent in this place.
 B = Non-inter-level travel time spent in this place.
 C = Inter-level travel time spent in this place.
 D = Time resting spent in this place.
 E = Time spent auto-exploring this place.
 F = Levels seen in this place.
 G = Mean time per level.
                   A        B        C        D        E       F      G
               +--------+--------+--------+--------+--------+-----+--------+
         Total |  39193 |  35629 |   3564 |   5321 |  23668 |  31 | 1264.3 |
       Dungeon |  21481 |  19276 |   2205 |   2909 |  13070 |  15 | 1432.1 |
        Temple |     24 |     23 |      1 |      0 |      0 |   1 |   24.0 |
          Lair |   7376 |   6862 |    514 |    418 |   5227 |   5 | 1475.2 |
         Swamp |   2759 |   2610 |    149 |     42 |   1864 |   4 |  689.8 |
     Snake Pit |   1149 |   1081 |     68 |    171 |    629 |   2 |  574.5 |
  Orcish Mines |   6126 |   5502 |    624 |   1781 |   2825 |   2 | 3063.0 |
   Elven Halls |    136 |    136 |      0 |      0 |      0 |   1 |  136.0 |
        Wizlab |    138 |    138 |      0 |      0 |     52 |   1 |  138.0 |
               +--------+--------+--------+--------+--------+-----+--------+

Top non-repeatable levels by time:
   Orc:1: 4276 daAuts
     D:8: 3404 daAuts
  Lair:5: 2473 daAuts
     D:9: 2046 daAuts
    D:10: 2045 daAuts
     D:5: 1900 daAuts
   Orc:2: 1850 daAuts
     D:7: 1584 daAuts
     D:6: 1486 daAuts
     D:1: 1407 daAuts
  Lair:1: 1378 daAuts
  Lair:4: 1316 daAuts
     D:4: 1250 daAuts
     D:3: 1220 daAuts
    D:14: 1190 daAuts
